 Dungeon Sprint DCSS version 0.27.1-1-g398f81649c (webtiles) character file.

Game seed: 11447518666454636210

444 styxcanada the Unseen (level 6, -12/33 HPs)
             Began as a Spriggan Brigand on Sept 7, 2021.
             Was an Initiate of Gozag.
             Killed from afar by Sonja (17 damage)
             ... with an iceblast
             ... in the Dungeon (Sprint I: "Red Sonja").
             The game lasted 00:03:13 (477 turns).

styxcanada the Unseen (Spriggan Brigand)             Turns: 477, Time: 00:03:14

Health: -12/33     AC:  6    Str:  7    XL:     6   Next: 72%
Magic:  7/7        EV: 20    Int: 13    God:    Gozag
Gold:   127        SH:  5    Dex: 18    Spells: 5/5 levels left

rFire    . . .     SeeInvis +   a - +2 dagger
rCold    . . .     Faith    .   n - +0 buckler {AC+3}
rNeg     . . .     Spirit   .   b - +0 robe
rPois    .         Reflect  .   (helmet restricted)
rElec    .         Harm     .   c - +0 cloak
rCorr    .         Rampage  .   (gloves unavailable)
Will     +....     NoTele   +   (boots unavailable)
Stlth    +++++++...             (no amulet)
HPRegen  0.11/turn              (no ring)
MPRegen  0.10/turn              (no ring)

@: slowed, quick
A: very small, no large weapons, unfitting armour, see invisible, speed 3
a: Renounce Religion, Potion Petition, Call Merchant, Bribe Branch


You were in the Dungeon.
You worshipped Gozag.
Gozag was aware of your devotion.
You visited 1 branch You collected 314 gold pieces.
You spent 187 gold pieces at shops.

Inventory:

Hand Weapons
 a - a +2 dagger (weapon)
Missiles
 d - 4 poisoned darts (quivered)
 e - a curare-tipped dart
 o - 12 stones
Armour
 b - a +0 robe (worn)
 c - a +0 cloak (worn)
 n - a +0 buckler of protection (worn)
Scrolls
 k - a scroll of blinking
 m - a scroll of acquirement {unknown}
Potions
 g - a potion of heal wounds
 h - a potion of haste
 i - 2 potions of magic
 j - a potion of berserk rage
 l - a potion of brilliance {unknown}


   Skills:
 * Level 4.2 Fighting
 + Level 4.0 Short Blades
 + Level 4.4 Throwing
 * Level 6.3 Dodging
 * Level 17.5 Stealth


You had 5 spell levels left.
You didn't know any spells.
Your spell library was empty.

Dungeon Overview and Level Annotations

Branches:
Dungeon (1/1)

Altars:
Cheibriados
Dithmenos
Elyvilon
Fedhas
Gozag
Hepliaklqana
Kikubaaqudgha
Nemelex Xobeh
Okawaru
Qazlal
Ru
Sif Muna
Trog
Uskayaw
Vehumet
Wu Jian
Yredelemnul
Zin
The Shining One

Shops:
D [

Annotations:
D Sonja


Innate Abilities, Weirdness & Mutations

You are very small and have problems with some larger weapons.
You are too small for most types of armour.
You have supernaturally acute eyesight. (SInv)
You cover ground extremely quickly. (Speed+++)


Message History

You feel very sick. You block Sonja's attack.
Sonja hits you but does no damage.
You are lethally poisoned!
Sonja misses you.
Throw: 7 darts (poison)
Press: ? - help, Q - select action, (/) - cycle Shift-Dir - straight line, f/p - Sonja
Aim: Sonja, wielding a +0 dagger of venom, quivering curare-tipped darts and carrying a wand of iceblast (10) (very poisoned, 21% to hit)
You throw a poisoned dart. The poisoned dart barely misses Sonja.
You feel very sick. Sonja barely misses you. Sonja completely misses you.
Sonja closely misses you. Sonja hits you but does no damage.
You are more poisoned.
Sonja closely misses you.
Sonja hits you with a +0 dagger of venom.
Throw: 6 darts (poison)
Press: ? - help, Q - select action, (/) - cycle Shift-Dir - straight line, f/p - Sonja
Aim: Sonja, wielding a +0 dagger of venom, quivering curare-tipped darts and carrying a wand of iceblast (10) (lightly wounded, very poisoned, 21% to hit)
You throw a poisoned dart. The poisoned dart closely misses Sonja.
* * * LOW HITPOINT WARNING * * *
You feel extremely sick. Sonja hits you but does no damage.
You are more poisoned.
Sonja barely misses you. Sonja completely misses you.
Sonja hits you but does no damage. Sonja barely misses you.
Sonja hits you with a +0 dagger of venom.
* * * LOW HITPOINT WARNING * * *
You feel better.
Sonja hits you with a +0 dagger of venom!
* * * LOW HITPOINT WARNING * * *
Sonja barely misses you. Sonja misses you.
Sonja mumbles some strange words.
Sonja blinks!
Throw: 5 darts (poison)
Press: ? - help, Q - select action, (/) - cycle Shift-Dir - straight line, f/p - Sonja
Aim: Sonja, wielding a +0 dagger of venom, quivering curare-tipped darts and carrying a wand of iceblast (10) (lightly wounded, very poisoned, 21% to hit)
You throw a poisoned dart. The poisoned dart closely misses Sonja.
Sonja zaps a wand.
The mass of ice explodes!
The iceblast engulfs you!
Ouch! That really hurt!
You die...
Your body crumbles into a pile of gold.

#<.#.)'..#..'..#
$$ $
#..'..#.)'..#..+
$$
#..#####'#####'#
#..####..#...#(#
$
#.)#__####..##.#
$$
#..#_____##'#_.+
#⌠⌠#_.∩..†'..K_#
$$
####_..__##_.#'#
$$#_____###@#.#
$ $ $ #######
#§### $


+$($+$$ $$ #$.$# $ ##(## $#+#$ $ $ $ $ $ $ $ You could see Sonja (poisoned).

Vanquished Creatures
  Sigmund (D)
  A yak (D)
  An ogre (D)
  A jelly (D)
  Ijyb (D)
5 creatures vanquished.

Notes
Turn   | Place    | Note
-------+----------+-------------------------------------------
     0 | D        | styxcanada the Spriggan Brigand began the quest for the
                  | Orb.
     0 | D        | Reached XP level 1. HP: 10/10 MP: 2/2
     1 | D        | Noticed Ijyb
     9 | D        | Killed Ijyb
    10 | D        | Reached skill level 9 in Stealth
    10 | D        | Reached XP level 2. HP: 10/15 MP: 3/3
    95 | D        | Noticed an ogre
    98 | D        | Killed an ogre
    99 | D        | Reached skill level 12 in Stealth
    99 | D        | Reached XP level 3. HP: 19/19 MP: 4/4
    99 | D        | Reached XP level 4. HP: 23/23 MP: 5/5
   107 | D        | Noticed Sigmund
   140 | D        | Killed Sigmund
   141 | D        | Reached skill level 5 in Dodging
   141 | D        | Reached skill level 15 in Stealth
   141 | D        | Reached XP level 5. HP: 17/28 MP: 6/6
   396 | D        | Found an ornate altar of the Wu Jian Council.
   396 | D        | Found a shimmering blue altar of Sif Muna.
   398 | D        | Found a radiant altar of Vehumet.
   403 | D        | Reached skill level 16 in Stealth
   403 | D        | Reached XP level 6. HP: 33/33 MP: 7/7
   413 | D        | Found Cixoruru's Antique Armour Emporium.
   413 | D        | Found an ancient bone altar of Kikubaaqudgha.
   413 | D        | Found a hazy altar of Hepliaklqana.
   413 | D        | Found a stormy altar of Qazlal.
   413 | D        | Found a hide-covered altar of Uskayaw.
   413 | D        | Found a blossoming altar of Fedhas.
   413 | D        | Found a bloodstained altar of Trog.
   413 | D        | Found an iron altar of Okawaru.
   413 | D        | Found a basalt altar of Yredelemnul.
   413 | D        | Found a glowing golden altar of the Shining One.
   413 | D        | Found a snail-covered altar of Cheibriados.
   413 | D        | Found a sacrificial altar of Ru.
   413 | D        | Found a glowing silver altar of Zin.
   413 | D        | Found a shadowy altar of Dithmenos.
   413 | D        | Found a white marble altar of Elyvilon.
   413 | D        | Noticed a yak
   414 | D        | Found an opulent altar of Gozag.
   415 | D        | Killed a yak
   416 | D        | Reached skill level 17 in Stealth
   416 | D        | Found a sparkling altar of Nemelex Xobeh.
   421 | D        | Became a worshipper of Gozag Ym Sagoz the Greedy
   447 | D        | Bought a glowing buckler for 187 gold pieces
   467 | D        | Noticed Sonja
   477 | D        | Killed from afar by Sonja

Illustrated notes

Levels and vault maps discovered:
D:        dungeon_sprint_1 [red_sonja_temple_1, red_sonja_temple_small_1]

Skill      XL: |  1  2  3  4  5  6 |
---------------+-------------------+-----
Fighting       | 2 3 4 |  4.2
Stealth        | 9 12 15 16 17 | 17.5
Short Blades   | 3 4 |  4.0
Dodging        | 3 5 6 |  6.3
Throwing       | 3 4 |  4.4

Action                   |  1- 3 |  4- 6 || total
-------------------------+-------+-------++-------
Melee: Dagger            |     7 |     5 ||    12
Throw: Dart              |       |    14 ||    14
  Use: Potion            |       |     1 ||     1
 Stab: Sleeping          |     2 |     2 ||     4
Armor: Robe              |       |     4 ||     4
Dodge: Dodged            |     2 |    16 ||    18
Block: Buckler           |       |     4 ||     4
